 Dungeon Crawl Stone Soup version 0.31-a0-960-g0fca184906 (webtiles) character file.

Game seed: 7113938438408360132

2312 arthad the Digger (level 9, 0/51 HPs)
             Began as a Gargoyle Earth Elementalist on Oct 24, 2023.
             Was a Follower of Vehumet.
             Shot with an arrow by a centaur (10 damage)
             ... on level 6 of the Dungeon.
             The game lasted 00:13:23 (7186 turns).

arthad the Digger (Gargoyle Earth Elementalist)     Turns: 7186, Time: 00:13:24

Health: 0/51       AC: 10    Str: 12    XL:     9   Next: 41%
Magic:  11/16      EV: 12    Int: 20    God:    Vehumet [*.....]
Gold:   277        SH:  0    Dex: 10    Spells: 11/17 levels left

rFire   . . .        z - +3 rapier (venom)
rCold   + . .        (no shield)
rNeg    + . .        a - +0 robe
rPois   ∞            B - +0 helmet
rElec   +            o - +0 cloak
rCorr   .            (no gloves)
SInv    .            (no boots)
Will    .....        (no amulet)
Stlth   ++           q - ring of protection from cold
HPRegen 0.28/turn    (no ring)
MPRegen 0.15/turn

%: no passive effects
@: about to teleport, on blink cooldown, studying Throwing
A: sickness immunity, AC +6, negative energy resistance 1, electricity
resistance, torment resistance 1, petrification resistance
a: Renounce Religion


You were on level 6 of the Dungeon.
You worshipped Vehumet.
Vehumet was aware of your devotion.
You visited 2 branches of the dungeon, and saw 7 of its levels.
You also visited: Sewer.

You collected 277 gold pieces.

Inventory:

Hand Weapons
 c - a +2 dagger of venom
 r - a +0 dagger of electrocution
 z - a +3 rapier of venom (weapon)
Missiles
 j - 10 javelins
 k - 3 atropa-tipped darts
 t - 13 poisoned darts
 u - 2 curare-tipped darts
 y - a throwing net
Armour
 a - a +0 robe (worn)
 o - a +0 cloak (worn)
 B - a +0 helmet (worn)
Jewellery
 q - a ring of protection from cold (left hand)
Wands
 l - a wand of flame (26)
 n - a wand of paralysis (14)
 A - a wand of iceblast (8)
Scrolls
 e - a scroll of enchant armour
 m - 2 scrolls of noise
 v - a scroll of butterflies
 w - a scroll of brand weapon
 x - a scroll of immolation {unknown}
Potions
 b - a potion of magic
 f - 5 potions of resistance
 g - a potion of haste
 p - 4 potions of enlightenment
 s - a potion of cancellation


   Skills:
 + Level 3.4 Fighting
 + Level 2.5 Throwing
 + Level 3.0 Armour
 + Level 3.2 Dodging
 + Level 4.4 Stealth
 * Level 4.8 Spellcasting
 * Level 4.8 Conjurations
 * Level 3.6 Translocations
 + Level 2.8 Transmutations
 * Level 7.0 Earth Magic


You had 11 spell levels left.
You knew the following spells:

 Your Spells              Type           Power      Damage    Failure   Level
a - Sandblast             Erth           64%        2d14      1%          1
b - Stone Arrow           Conj/Erth      56%        3d10      3%          3
c - Blink                 Tloc           38%        N/A       4%          2

Your spell library contained the following spells:

 Spells                   Type           Power      Damage    Failure   Level
 Foxfire                  Conj/Fire      56%        2x1d6     4%          1
 Passwall                 Tmut/Erth      20%        N/A       2%          2
 Brom's Barrelling Bould  Conj/Erth      28%        2d5       11%         4
 Petrify                  Tmut/Erth      24%        N/A       16%         4
 Manifold Assault         Tloc           19%        N/A       26%         4
 Conjure Ball Lightning   Conj/Air       7%         3x3d6     100%        6
 Discord                  Hex            2%         N/A       100%        8
 Disjunction              Tloc           9%         N/A       100%        8


Dungeon Overview and Level Annotations

Branches:
Dungeon (6/15)             Temple (1/1) D:4           Sewer (visited)

Altars:
Ashenzari
Cheibriados
Dithmenos
Fedhas
Gozag
Hepliaklqana
Kikubaaqudgha
Nemelex Xobeh
Okawaru
Qazlal
Ru
Sif Muna
Uskayaw
Vehumet
Xom
Yredelemnul
Zin
The Shining One

Annotations:
D:5 1 runed translucent door, miscthings's ghost, novice OpSh


Innate Abilities, Weirdness & Mutations

You are immune to sickness and miasma.
Your stone body is resilient. (AC +6)
You are immune to poison.
You resist negative energy. (rN+)
You are resistant to electric shocks. (rElec)
You are resistant to unholy torment.
You are immune to petrification.


Message History

The centaur hits you but does no damage.
The centaur kicks you but does no damage.
The orc wizard hits you but does no damage.
It was a potion of cancellation.
Your magical effects are unravelling.
You feel magically purged.
You feel less wooden.
Your +0 cloak unmelds from your body.
Your +0 helmet unmelds from your body.
Your +0 robe unmelds from your body.
You feel less confused.
The sentinel's mark upon you fades away.
You feel ready to blink again. The orc barely misses you.
The centaur hits you but does no damage.
The centaur closely misses you. The orc warrior closely misses you.
The orc wizard hits you but does no damage.
The orc wizard points at you and mumbles some strange words.
The puff of flame hits you!
As you read the scroll of teleportation, it crumbles to dust.
You feel strangely unstable. The centaur closely misses you.
The centaur kicks you but does no damage.
The orc hits you with a +0 short sword. The centaur misses you.
The centaur kicks you but does no damage.
The orc warrior hits you with a +0 flail.
* * * LOW HITPOINT WARNING * * *
The orc wizard points at you and mumbles some strange words.
The magic dart hits you but does no damage.
The orc wizard casts a spell at you. The magic dart hits you!
* * * LOW HITPOINT WARNING * * *
You feel better. The orc barely misses you. The centaur barely misses you.
The centaur kicks you.
* * * LOW HITPOINT WARNING * * *
The orc warrior barely misses you. The orc wizard barely misses you.
The orc wizard completely misses you.
Casting: Sandblast (safe; 1% risk of failure)
Confirm with . or Enter, or press ? or * to list all spells.
You blink.
The centaur wields a +0 orcbow.
The centaur shoots an arrow.
The arrow hits you!
You die...

####+#.####......#
#...# ######## #.###
#.. #.#### #.# #>...#
#.# . ####.# #.# #
##†## #.# #
#######..o###.#.#
#......@.o§o#o#.###..
#........c#oS...)....
#.........###.###..=.
#.........# #.# ##
########### #.. #...
#.... #..... #+#+###


You could see an orc warrior, a centaur, 2 orc wizards, an adder and an orc.

Vanquished Creatures
  A hornet (D:6)
  Eustachio (D:5)
  2 water moccasins (D:5)
  An orc warrior (D:4)
  An ice beast (D:6)
  An ogre (D:4)
  2 kobold brigands (Sewer)
  A bullfrog (D:3)
  A gnoll sergeant (D:5)
  A wight (D:4)
  4 scorpions
  A killer bee (D:3)
  2 jellies (D:5)
  A gnoll bouda (D:5)
  4 hounds
  An orc priest (D:5)
  4 iguanas
  A sleepcap (D:5)
  3 orc wizards (D:5)
  20 gnolls
  10 adders
  3 river rats
  4 ufetubi
  8 worms
  A dart slug (D:3)
  9 orcs
  6 bats
  4 endoplasms
  5 giant cockroaches
  10 hobgoblins
  5 jackals
  15 kobolds
  4 quokkas
  11 ball pythons
  3 frilled lizards
  8 goblins
  13 rats
172 creatures vanquished.

Notes
Turn   | Place    | Note
-------+----------+-------------------------------------------
     0 | D:1      | arthad the Gargoyle Earth Elementalist began the quest for
                  | the Orb.
     0 | D:1      | Reached XP level 1. HP: 10/10 MP: 3/3
   136 | D:1      | Reached skill level 1 in Transmutations
   136 | D:1      | Reached XP level 2. HP: 15/15 MP: 3/5
   543 | D:1      | Found a faded altar of an unknown god.
   546 | D:1      | Reached XP level 3. HP: 19/19 MP: 4/6
  1149 | D:2      | Reached skill level 4 in Earth Magic
  1208 | D:2      | Reached XP level 4. HP: 24/24 MP: 0/7
  1531 | D:2      | Learned a level 3 spell: Stone Arrow
  1534 | D:2      | Learned a level 2 spell: Blink
  1638 | D:2      | Found a broken altar of Ashenzari.
  1648 | D:2      | Reached skill level 1 in Conjurations
  1731 | D:2      | Reached XP level 5. HP: 6/28 MP: 0/9
  1969 | D:2      | Reached skill level 1 in Fighting
  2683 | D:3      | Found a shimmering blue altar of Sif Muna.
  2821 | D:3      | Found a glowing drain.
  2840 | D:3      | Reached skill level 1 in Armour
  2904 | Sewer    | Entered a sewer
  2912 | Sewer    | Reached XP level 6. HP: 33/34 MP: 2/10
  3046 | Sewer    | Reached skill level 1 in Translocations
  3234 | Sewer    | Found a white marble altar of Elyvilon.
  3364 | D:3      | Found a snail-covered altar of Cheibriados.
  3649 | D:3      | Found a shadowy altar of Dithmenos.
  3682 | D:3      | Reached skill level 5 in Earth Magic
  3703 | D:3      | Found a sacrificial altar of Ru.
  4032 | D:4      | Noticed an orc warrior
  4042 | D:3      | Reached XP level 7. HP: 18/39 MP: 5/11
  4338 | D:4      | Found a staircase to the Ecumenical Temple.
  4348 | Temple   | Entered the Ecumenical Temple
  4365 | Temple   | Became a worshipper of Vehumet
  4773 | D:4      | Reached XP level 8. HP: 45/45 MP: 8/13
  5470 | D:5      | Entered Level 5 of the Dungeon
  5475 | D:5      | Reached skill level 6 in Earth Magic
  5680 | D:5      | Reached * piety under Vehumet
  5680 | D:5      | Offered knowledge of Foxfire by Vehumet.
  5729 | D:5      | Reached skill level 1 in Throwing
  5756 | D:5      | HP: 1/45 [hound (5)]
  6098 | D:5      | Found a runed translucent door.
  6101 | D:5      | Noticed miscthings's ghost (novice OpSh)
  6215 | D:5      | Reached XP level 9. HP: 40/50 MP: 10/15
  6432 | D:5      | Noticed Eustachio
  6437 | D:5      | Killed Eustachio
  6857 | D:6      | Noticed a hornet
  6865 | D:6      | Killed a hornet
  6952 | D:6      | Reached skill level 7 in Earth Magic
  7186 | D:6      | Shot with an arrow by a centaur

Illustrated notes

Levels and vault maps discovered:
D:1:      dpeg_arrival_subterranean_lakeside_camping, layout_basic,
          nicolae_ecumenical_snake_handling, hex_intersection, st_stairs_13,
          corexii_leaking_fountain, minivault_27
D:2:      layout_basic, basic_altar, minmay_tetromino_i2
D:3:      layout_loops_ring, mainiacjoe_overflow_catch_the_wave,
          nicolae_sif_muna_condensation, cheibrodos_worm_habitat,
          portal_sewer_entry_b
D:4:      layout_basic, minmay_temple_entry_tees, minmay_manual_moon
D:5:      layout_gridville, ebering_ghost_sewer_d, uniq_eustachio
D:6:      layout_basic, kennysheep_generic_room_10
Temple:   nicolae_temple_bog_church

Skill      XL: |  1  2  3  4  5  6  7  8  9 |
---------------+----------------------------+-----
Transmutations | 1 2 |  2.8
Earth Magic    | 4 5 6 7 |  7.0
Dodging        | 2 3 |  3.2
Conjurations   | 1 2 3 4 |  4.8
Fighting       | 1 2 3 |  3.4
Stealth        | 3 4 |  4.4
Armour         | 1 2 3 |  3.0
Translocations | 1 2 3 |  3.6
Spellcasting   | 3 4 |  4.8
Throwing       | 1 2 |  2.5

Action                     |  1- 3 |  4- 6 |  7- 9 || total
---------------------------+-------+-------+-------++-------
  Melee: Dagger            |     1 |    15 |    19 ||    35
         Punch             |       |     1 |       ||     1
   Cast: Sandblast         |    40 |   145 |   145 ||   330
         Stone Arrow       |       |       |    13 ||    13
         Blink             |       |       |     4 ||     4
  Evoke: Wand              |       |       |     2 ||     2
    Use: Scroll            |       |     4 |     6 ||    10
         Potion            |       |     2 |     6 ||     8
   Stab: Paralysed         |       |       |     1 ||     1
 Armour: Robe              |     7 |    80 |   119 ||   206
         Skin              |       |       |     8 ||     8
  Dodge: Dodged            |     3 |    67 |   115 ||   185

Table legend: (Time is in decaauts)
 A = Elapsed time spent in this place.
 B = Non-inter-level travel time spent in this place.
 C = Inter-level travel time spent in this place.
 D = Time resting spent in this place.
 E = Time spent auto-exploring this place.
 F = Levels seen in this place.
 G = Mean time per level.
                   A        B        C        D        E       F      G
               +--------+--------+--------+--------+--------+-----+--------+
         Total |   7398 |   7179 |    219 |    442 |   5398 |   8 |  924.8 |
       Dungeon |   6930 |   6739 |    191 |    442 |   5072 |   6 | 1155.0 |
        Temple |     33 |      5 |     28 |      0 |      0 |   1 |   33.0 |
         Sewer |    434 |    434 |      0 |      0 |    326 |   1 |  434.0 |
               +--------+--------+--------+--------+--------+-----+--------+

Top non-repeatable levels by time:
     D:4: 1648 daAuts
     D:2: 1347 daAuts
     D:3: 1292 daAuts
     D:1: 1269 daAuts
     D:5: 1014 daAuts
   Sewer: 434 daAuts
     D:6: 358 daAuts
  Temple: 33 daAuts
